TOP OF THE 1ST |
Northwest Arkansas Naturals batting - Pitching for Arkansas Travelers : RHP Tim Anderson
|
Pitching: RHP Tim Anderson
|
|
Batting: RHB Willie de los Santos
|
0-0: Ball 1-0: Ball 2-0: DOUBLE (Flyball, 9LD, EV 98.8 MPH)
|
Batting: RHB Kevin Wimberly
|
0-0: Ball 1-0: Ball 2-0: Called Strike 2-1: Called Strike 2-2: Ball 3-2: Base on Balls
|
Batting: RHB Andy Urquhart
|
0-0: Called Strike 0-1: Foul Ball, location: 2F 0-2: Ball 1-2: Ball 2-2: Ball 3-2: Base on Balls Willie de los Santos to third Kevin Wimberly to second
|
Batting: SHB Bill Ertl
|
0-0: Ball 1-0: Foul Ball, location: 2F 1-1: Called Strike 1-2: Ball 2-2: Ball 3-2: Strikes out swinging
|
Batting: LHB Justin Covington
|
0-0: Ball 1-0: Foul Ball, location: 2F 1-1: Called Strike 1-2: Fly out, F8 (Flyball, 78D, EV 101.9 MPH) Runner from 3rd tags up, SCORES, throw by CF Kevin Wimberly to third
|
Batting: RHB Greg Callaghan
|
0-0: Called Strike 0-1: Ball 1-1: Foul Ball, location: 2F 1-2: Foul Ball, location: 2F 1-2: Ball 2-2: Ball 3-2: Base on Balls Andy Urquhart to second
|
Batting: RHB Justin Goff
|
0-0: Called Strike 0-1: Ball 1-1: Ground out 3-1 (Groundball, 34, EV 81.2 MPH)
|
Top of the 1st over - 1 run, 1 hit, 0 errors, 3 left on base; Northwest Arkansas 1 - Arkansas 0 |
BOTTOM OF THE 1ST |
Arkansas Travelers batting - Pitching for Northwest Arkansas Naturals : RHP Mike Galvin
|
Pitching: RHP Mike Galvin
|
|
Batting: RHB Jose Ramirez
|
0-0: Swinging Strike 0-1: SINGLE (Groundball, 56S, EV 68.8 MPH) (infield hit)
|
Batting: RHB Ryan Munro
|
0-0: Ball 1-0: Called Strike 1-1: Grounds into double play, 6-4-3 (Groundball, 6, EV 105.6 MPH)
|
Batting: LHB James McCauley
|
0-0: Fly out, F7 (Flyball, 78D, EV 89.4 MPH)
|
Bottom of the 1st over - 0 runs, 1 hit, 0 errors, 0 left on base; Northwest Arkansas 1 - Arkansas 0 |
TOP OF THE 2ND |
Northwest Arkansas Naturals batting - Pitching for Arkansas Travelers : RHP Tim Anderson
|
Batting: LHB Teko van de Sande
|
0-0: SINGLE (Groundball, 34D, EV 101.9 MPH)
|
Batting: LHB Eric Zacher
|
0-0: Called Strike 0-1: Ball 1-1: Ball 2-1: Foul Ball, location: 2F 2-2: Fly out, F7 (Flyball, 7S, EV 95.6 MPH)
|
Batting: RHB Willie de los Santos
|
0-0: Called Strike 0-1: Called Strike 0-2: Strikes out swinging
|
Batting: RHB Kevin Wimberly
|
0-0: Called Strike Pickoff Play to 1st, Runner tries for 2nd, OUT after rundown.
|
Top of the 2nd over - 0 runs, 1 hit, 0 errors, 0 left on base; Northwest Arkansas 1 - Arkansas 0 |
BOTTOM OF THE 2ND |
Arkansas Travelers batting - Pitching for Northwest Arkansas Naturals : RHP Mike Galvin
|
Batting: LHB Jonathon Walton
|
0-0: Called Strike 0-1: Ball 1-1: Called Strike 1-2: Fly out, F8 (Flyball, 8RM, EV 91.9 MPH)
|
Batting: RHB Ryuji Ito
|
0-0: Ground out 4-3 (Groundball, 4, EV 81.2 MPH)
|
Batting: LHB Griffin Ferris
|
0-0: Ball 1-0: Foul Ball, location: 2F 1-1: Called Strike 1-2: Ball 2-2: Foul Ball, location: 2F 2-2: Ball 3-2: Base on Balls
|
Batting: RHB Tim Lively
|
0-0: Called Strike 0-1: Ball 1-1: Ball 2-1: Swinging Strike 2-2: Strikes out swinging
|
Bottom of the 2nd over - 0 runs, 0 hits, 0 errors, 1 left on base; Northwest Arkansas 1 - Arkansas 0 |
TOP OF THE 3RD |
Northwest Arkansas Naturals batting - Pitching for Arkansas Travelers : RHP Tim Anderson
|
Batting: RHB Kevin Wimberly
|
0-0: Foul Ball, location: 2F 0-1: Swinging Strike 0-2: Ground out 6-3 (Groundball, 6, EV 108.1 MPH)
|
Batting: RHB Andy Urquhart
|
0-0: Called Strike 0-1: Foul Ball, location: 2F 0-2: Ball 1-2: SINGLE (Groundball, 6MD, EV 94.4 MPH)
|
Batting: SHB Bill Ertl
|
0-0: Called Strike Andy Urquhart is caught stealing 2nd base 2-6 0-1: Ball 1-1: Ball 2-1: Ball 3-1: Fly out, F7 (Flyball, 7LM, EV 93.8 MPH)
|
Top of the 3rd over - 0 runs, 1 hit, 0 errors, 0 left on base; Northwest Arkansas 1 - Arkansas 0 |
BOTTOM OF THE 3RD |
Arkansas Travelers batting - Pitching for Northwest Arkansas Naturals : RHP Mike Galvin
|
Batting: RHB Juan Martinez
|
0-0: Ball 1-0: Foul Ball, location: 2F 1-1: Ball 2-1: Swinging Strike 2-2: Ball 3-2: Base on Balls
|
Batting: RHB Gary Horgan
|
0-0: Ball 1-0: Called Strike 1-1: 2-RUN HOME RUN (Flyball, 9D, EV 98.1 MPH), Distance : 374 ft
|
Batting: RHB Jose Ramirez
|
0-0: Ball 1-0: Foul Ball, location: 2F 1-1: Ball 2-1: Swinging Strike 2-2: Strikes out swinging
|
Batting: RHB Ryan Munro
|
0-0: Called Strike 0-1: Foul Ball, location: 2F 0-2: Foul Ball, location: 2F 0-2: Strikes out swinging
|
Batting: LHB James McCauley
|
0-0: Ground out 5-3 (Groundball, 56S, EV 83.8 MPH)
|
Bottom of the 3rd over - 2 runs, 1 hit, 0 errors, 0 left on base; Northwest Arkansas 1 - Arkansas 2 |
TOP OF THE 4TH |
Northwest Arkansas Naturals batting - Pitching for Arkansas Travelers : RHP Tim Anderson
|
Batting: LHB Justin Covington
|
0-0: Called Strike 0-1: Ball 1-1: Ball 2-1: Ball 3-1: Ground out 6-3 (Groundball, 6, EV 86.2 MPH)
|
Batting: RHB Greg Callaghan
|
0-0: Ball 1-0: Ground out 5-3 (Groundball, 56S, EV 93.1 MPH)
|
Batting: RHB Justin Goff
|
0-0: Foul Ball, location: 2F 0-1: Fly out, F9 (Flyball, 9D, EV 85.6 MPH)
|
Top of the 4th over - 0 runs, 0 hits, 0 errors, 0 left on base; Northwest Arkansas 1 - Arkansas 2 |
BOTTOM OF THE 4TH |
Arkansas Travelers batting - Pitching for Northwest Arkansas Naturals : RHP Mike Galvin
|
Batting: LHB Jonathon Walton
|
0-0: Ball 1-0: Ball 2-0: Ball 3-0: Base on Balls
|
Batting: RHB Ryuji Ito
|
0-0: Called Strike Jonathon Walton is caught stealing 2nd base 2-4 0-1: Ball 1-1: Ground out 6-3 (Groundball, 6, EV 86.9 MPH)
|
Batting: LHB Griffin Ferris
|
0-0: Ball 1-0: Called Strike 1-1: DOUBLE (Line Drive, 7LD, EV 103.8 MPH)
|
Batting: RHB Tim Lively
|
0-0: Ball 1-0: Ball 2-0: Foul Ball, location: 2F 2-1: Fly out, F7 (Line Drive, 78M, EV 98.8 MPH)
|
Bottom of the 4th over - 0 runs, 1 hit, 0 errors, 1 left on base; Northwest Arkansas 1 - Arkansas 2 |
TOP OF THE 5TH |
Northwest Arkansas Naturals batting - Pitching for Arkansas Travelers : RHP Tim Anderson
|
Batting: LHB Teko van de Sande
|
0-0: Ball 1-0: Ball 2-0: Swinging Strike 2-1: Ball 3-1: Ground out 3-1 (Groundball, 34, EV 85.0 MPH)
|
Batting: LHB Eric Zacher
|
0-0: Ground out 4-3 (Groundball, 4M, EV 91.9 MPH)
|
Batting: RHB Willie de los Santos
|
0-0: Ball 1-0: Ball 2-0: Ball 3-0: Base on Balls
|
Batting: RHB Kevin Wimberly
|
0-0: Called Strike Willie de los Santos steals 2nd base 0-1: Ball Passed Ball! Willie de los Santos to third 1-1: Ground out 6-3 (Groundball, 6, EV 87.5 MPH)
|
Top of the 5th over - 0 runs, 0 hits, 0 errors, 1 left on base; Northwest Arkansas 1 - Arkansas 2 |
BOTTOM OF THE 5TH |
Arkansas Travelers batting - Pitching for Northwest Arkansas Naturals : RHP Mike Galvin
|
Batting: RHB Juan Martinez
|
0-0: SINGLE (Popup, 6D, EV 45.6 MPH)
|
Batting: RHB Gary Horgan
|
0-0: Ball 1-0: Ball 2-0: Ball 3-0: Called Strike 3-1: Base on Balls Juan Martinez to second
|
Pitching: RHP Jadon Martin
|
|
Batting: RHB Jose Ramirez
|
0-0: Called Strike 0-1: SINGLE (Groundball, 3, EV 102.5 MPH) Juan Martinez to third Gary Horgan to second Runner from 3rd tries for Home, SAFE, throw by RF to home
|
Batting: RHB Ryan Munro
|
0-0: Ball 1-0: Called Strike 1-1: Ball Wild Pitch! Gary Horgan to third Jose Ramirez to second 2-1: Foul Ball, location: 2F 2-2: Foul Ball, location: 2F 2-2: Foul Ball, location: 2F 2-2: Foul Ball, location: 2F 2-2: SINGLE (Flyball, 78S, EV 95.0 MPH) Gary Horgan scores Jose Ramirez to third Runner from 3rd tries for Home, SAFE, throw by LF to home
|
Batting: LHB James McCauley
|
0-0: Ball 1-0: Called Strike 1-1: Swinging Strike 1-2: Ball 2-2: Ball 3-2: Foul Ball, location: 2F 3-2: Foul Ball, location: 2F 3-2: Foul Ball, location: 2F 3-2: Strikes out swinging Ryan Munro is caught stealing 2nd base 2-6 Batter strikes out.
|
Batting: LHB Jonathon Walton
|
0-0: Foul Ball, location: 2F 0-1: Foul Ball, location: 2F 0-2: Ball 1-2: Ball 2-2: Fly out, F4 (Popup, 34S, EV 83.1 MPH)
|
Bottom of the 5th over - 3 runs, 3 hits, 0 errors, 0 left on base; Northwest Arkansas 1 - Arkansas 5 |
TOP OF THE 6TH |
Northwest Arkansas Naturals batting - Pitching for Arkansas Travelers : RHP Tim Anderson
|
Batting: RHB Andy Urquhart
|
0-0: Ball 1-0: Ball 2-0: Ball 3-0: Base on Balls
|
Batting: SHB Bill Ertl
|
0-0: Foul Ball, location: 2F 0-1: Ball Andy Urquhart steals 2nd base (no throw) 1-1: Swinging Strike 1-2: Ground out 6-3 (Groundball, 6M, EV 84.4 MPH) Andy Urquhart to third
|
Batting: LHB Justin Covington
|
0-0: Foul Ball, location: 2F 0-1: Ground out 5-3 (Groundball, 56S, EV 66.9 MPH) Andy Urquhart scores
|
Batting: RHB Greg Callaghan
|
0-0: Ball 1-0: Fly out, F8 (Flyball, 8RD, EV 95.0 MPH)
|
Top of the 6th over - 1 run, 0 hits, 0 errors, 0 left on base; Northwest Arkansas 2 - Arkansas 5 |
BOTTOM OF THE 6TH |
Arkansas Travelers batting - Pitching for Northwest Arkansas Naturals : RHP Jadon Martin
|
Batting: RHB Ryuji Ito
|
0-0: Ball 1-0: Foul Ball, location: 2F 1-1: Foul Ball, location: 2F 1-2: Ball 2-2: Foul Ball, location: 2F 2-2: Foul Ball, location: 2F 2-2: Ball 3-2: Ground out 1-3 (Groundball, 13, EV 71.9 MPH)
|
Pitching: RHP Steve Ryals
|
|
Batting: LHB Griffin Ferris
|
0-0: Ball 1-0: Ball 2-0: Swinging Strike 2-1: Called Strike 2-2: Strikes out swinging
|
Batting: RHB Tim Lively
|
0-0: Ball 1-0: Called Strike 1-1: Swinging Strike 1-2: Foul Ball, location: 2F 1-2: Strikes out looking
|
Bottom of the 6th over - 0 runs, 0 hits, 0 errors, 0 left on base; Northwest Arkansas 2 - Arkansas 5 |
TOP OF THE 7TH |
Northwest Arkansas Naturals batting - Pitching for Arkansas Travelers : RHP Tim Anderson
|
Now in LF: Justin Alexander
|
|
Now in CF: Juan Martinez
|
|
Batting: RHB Justin Goff
|
0-0: Called Strike 0-1: Ball 1-1: Ball 2-1: Called Strike 2-2: Ball 3-2: Foul Ball, location: 2F 3-2: Fly out, F8 (Flyball, 8LXD, EV 89.4 MPH)
|
Pitching: LHP Jose Rivera
|
|
Batting: LHB Teko van de Sande
|
0-0: Called Strike 0-1: Foul Ball, location: 2F 0-2: Strikes out swinging
|
Batting: LHB Eric Zacher
|
0-0: Ball 1-0: Ball 2-0: Ball 3-0: Called Strike 3-1: Base on Balls
|
Pitching: LHP Elliot Ziemba
|
|
Batting: RHB Willie de los Santos
|
0-0: Foul Ball, location: 2F 0-1: Ball 1-1: Fielders Choice at 2nd, 6-4 (Groundball, 6, EV 84.4 MPH)
|
Top of the 7th over - 0 runs, 0 hits, 0 errors, 1 left on base; Northwest Arkansas 2 - Arkansas 5 |
BOTTOM OF THE 7TH |
Arkansas Travelers batting - Pitching for Northwest Arkansas Naturals : RHP Steve Ryals
|
Batting: RHB Juan Martinez
|
0-0: Called Strike 0-1: Foul Ball, location: 2F 0-2: Ball 1-2: SOLO HOME RUN (Flyball, 78XD, EV 103.1 MPH), Distance : 413 ft
|
Batting: RHB Gary Horgan
|
0-0: Called Strike 0-1: Ball 1-1: Ground out 4-3 (Groundball, 4M, EV 86.9 MPH)
|
Batting: RHB Jose Ramirez
|
0-0: Called Strike 0-1: Foul Ball, location: 2F 0-2: Strikes out swinging
|
Pitching: RHP Matthew Orphan
|
|
Batting: RHB Ryan Munro
|
0-0: Ball 1-0: Foul Ball, location: 2F 1-1: Foul Ball, location: 2F 1-2: Ball 2-2: Ball 3-2: Base on Balls
|
Batting: LHB Justin Alexander
|
0-0: Called Strike Pickoff Throw to First - Out! 1-3
|
Bottom of the 7th over - 1 run, 1 hit, 0 errors, 0 left on base; Northwest Arkansas 2 - Arkansas 6 |
TOP OF THE 8TH |
Northwest Arkansas Naturals batting - Pitching for Arkansas Travelers : LHP Elliot Ziemba
|
Batting: RHB Kevin Wimberly
|
0-0: Ball 1-0: Called Strike 1-1: Called Strike 1-2: SINGLE (Flyball, 4MD, EV 95.6 MPH)
|
Batting: RHB Andy Urquhart
|
0-0: Ball 1-0: Fly out, F3 (Popup, 3F, EV 66.9 MPH)
|
Batting: SHB Bill Ertl
|
0-0: Called Strike 0-1: Ball 1-1: Fly out, F3 (Popup, 3F, EV 60.6 MPH)
|
Batting: LHB Justin Covington
|
0-0: Ball 1-0: Fielders Choice at 2nd, 6-4 (Groundball, 6, EV 108.8 MPH)
|
Top of the 8th over - 0 runs, 1 hit, 0 errors, 1 left on base; Northwest Arkansas 2 - Arkansas 6 |
BOTTOM OF THE 8TH |
Arkansas Travelers batting - Pitching for Northwest Arkansas Naturals : RHP Matthew Orphan
|
Batting: LHB Justin Alexander
|
0-0: Ball 1-0: Ground out 6-3 (Groundball, 4M, EV 76.2 MPH)
|
Batting: LHB Jonathon Walton
|
0-0: Called Strike 0-1: Foul Ball, location: 2F 0-2: Strikes out looking
|
Batting: RHB Ryuji Ito
|
0-0: Ball 1-0: Called Strike 1-1: Foul Ball, location: 2F 1-2: Ball 2-2: Ball 3-2: DOUBLE (Flyball, 8LXD, EV 100.6 MPH)
|
Pitching: LHP Jake Warwick
|
|
Batting: LHB Griffin Ferris
|
0-0: Called Strike 0-1: Ball 1-1: Foul Ball, location: 2F 1-2: Fly out, F8 (Flyball, 8RD, EV 106.2 MPH)
|
Bottom of the 8th over - 0 runs, 1 hit, 0 errors, 1 left on base; Northwest Arkansas 2 - Arkansas 6 |
TOP OF THE 9TH |
Northwest Arkansas Naturals batting - Pitching for Arkansas Travelers : LHP Elliot Ziemba
|
Batting: RHB Greg Callaghan
|
0-0: Called Strike 0-1: Swinging Strike 0-2: Ball 1-2: Strikes out swinging
|
Batting: RHB Justin Goff
|
0-0: Called Strike 0-1: Called Strike 0-2: Ball 1-2: Foul Ball, location: 2F 1-2: Ground out 4-3 (Groundball, 4, EV 110.6 MPH)
|
Batting: LHB Teko van de Sande
|
0-0: Foul Ball, location: 2F 0-1: Swinging Strike 0-2: Ball 1-2: Strikes out swinging
|
Top of the 9th over - 0 runs, 0 hits, 0 errors, 0 left on base; Northwest Arkansas 2 - Arkansas 6 |
|